 Dungeon Crawl Stone Soup version 0.31.0-10-gcf4a605ca0 (webtiles) character file.

Game seed: 1257179466141550450

7291 Gadfly the Grappler (level 10, -8/107 HPs)
             Began as a Troll Shapeshifter on Jan 26, 2024.
             Was an Initiate of Ru.
             Mangled by an orc warrior
             ... wielding a +0 broad axe
              (10 damage)
             ... in a bailey.
             The game lasted 00:16:43 (8105 turns).

Gadfly the Grappler (Troll Shapeshifter)            Turns: 8105, Time: 00:16:44

Health: -8/107     AC:  8    Str: 24    XL:     10   Next: 89%
Magic:  9/9        EV: 11    Int:  4    God:    Ru [......]
Gold:   540        SH:  0    Dex: 13    Spells: 6/9 levels left

rFire   . .          .
                       - Unarmed
rCold   . . .        (no shield)
rNeg    . . .        E - +0 acid dragon scales
rPois   .            t - melded +0 hat
rElec   .            z - melded +0 cloak
rCorr   +            (gloves unavailable)
SInv    +            (boots unavailable)
Will    .....        (no amulet)
Stlth   +            o - ring of see invisible
HPRegen 1.17/turn    (no ring)
MPRegen 0.11/turn

%: no passive effects
@: beast-form, slowed, very slow
A: beast (slay +4), large, unfitting armour, claws 3, dopey 1, regeneration 1,
shaggy fur 1, tough skin 1, robust 1, inability to drink after injury 1
a: Begin Untransformation, Renounce Religion


You were in a bailey.
You worshipped Ru.
Ru was noncommittal.
You were a hulking beast.
You visited 2 branches of the dungeon, and saw 11 of its levels.
You also visited: Bailey.

You collected 540 gold pieces.

Inventory:

Hand Weapons
 b - a +2 trident of protection
 u - a +3 scimitar
Missiles
 m - a throwing net
Armour
 a - a +1 animal skin
 t - a +0 hat (melded)
 v - a scarf of harm
 z - a +0 cloak (melded)
 E - +0 acid dragon scales (worn)
Jewellery
 o - a ring of see invisible (left claw)
 x - the ring of Loorph {rPois rF+ rC+ rN+ Str-4}
   (You acquired it on level 10 of the Dungeon)

   [ring of protection from fire]

   Str-4:     It affects your strength (-4).
   rF+:       It protects you from fire.
   rC+:       It protects you from cold.
   rPois:     It protects you from poison rN+: It protects you from negative
   energy.
Talismans
 c - a beast talisman (active)
 d - a flux talisman
 e - a blade talisman
 y - a maw talisman
Wands
 n - a wand of polymorph (8) (quivered)
 C - a wand of light (5)
Scrolls
 h - 2 scrolls of identify
 l - 3 scrolls of fear
 p - 4 scrolls of teleportation
 A - 3 scrolls of revelation
 B - a scroll of amnesia
Potions
 f - 4 potions of lignification
 g - 2 potions of curing
 i - a potion of might
 j - 3 potions of heal wounds
 k - 3 potions of attraction
 q - a potion of cancellation
 r - a potion of berserk rage
 s - a potion of haste
 D - a potion of enlightenment
Miscellaneous
 w - a lightning rod (4/4)


   Skills:
 + Level 5.8 Fighting
 * Level 6.5 Dodging
 * Level 8.1 Unarmed Combat
 * Level 6.2 Evocations
 * Level 7.4 Shapeshifting


You had 6 spell levels left.
You knew the following spells:

 Your Spells              Type           Power      Damage    Failure   Level
a - Swiftness             Air            0%         N/A       91%         3

Your spell library contained the following spells:

 Spells                   Type           Power      Damage    Failure   Level
 Apportation              Tloc           0%         N/A       58%         1
 Necrotise                Necr           0%         1d4       58%         1
 Shock                    Conj/Air       0%         1d3       58%         1
 Sting                    Conj/Alch      0%         1d3       58%         1
 Summon Small Mammal      Summ           0%         N/A       58%         1
 Airstrike                Air            0%         2d(0-16)  100%        4
 Animate Armour           Summ/Erth      0%         N/A       100%        4
 Summon Lightning Spire   Summ/Air       0%         N/A       100%        4
 Lee's Rapid Deconstruct  Erth           0%         3d4*      100%        5


Dungeon Overview and Level Annotations

Branches:
Dungeon (10/15)            Temple (1/1) D:7            Lair (0/5) D:9
 Bailey (1/1)
    Orc: D:9-12

Altars:
Ashenzari
Cheibriados
Dithmenos
Elyvilon
Fedhas
Gozag
Hepliaklqana
Kikubaaqudgha
Makhleb
Nemelex Xobeh
Okawaru
Qazlal
Ru
Sif Muna
Trog
Uskayaw
Vehumet
Wu Jian
Xom
Yredelemnul
Zin
The Shining One

Shops:
D:3 (   D:5 =

Annotations:
D:9 3 runed translucent doors, Splishie's ghost, novice DrBe


Innate Abilities, Weirdness & Mutations

You are a hulking beast.
Your limbs bulge with bestial killing power. (Slay +4)
You are too large for most types of armour.
You have claws for hands.
You are dopey. (Int -2)
Your natural rate of healing is unusually fast.
You are covered in fur. (AC +1)
You have tough skin. (AC +1)
You are robust. (+10% HP)
You occasionally lose the ability to drink potions when taking damage.


Message History

You are too injured to fight recklessly!
You are too injured to fight recklessly!
You are too injured to fight recklessly!
You are too injured to fight recklessly!
You are too injured to fight recklessly!
Unknown command.
You are too injured to fight recklessly!
You mangle the kobold brigand!!
The kobold brigand is severely wounded.
The kobold brigand hits you with a +0 war axe.
The kobold brigand hits you but does no damage.
You completely miss the kobold brigand.
The kobold brigand is severely wounded.
The kobold brigand closely misses you.
The kobold brigand hits you with a +0 war axe. x2
You claw the kobold brigand!
You kill the kobold brigand!
The kobold brigand hits you with a +0 war axe.
The kobold brigand closely misses you. The orc warrior barely misses you.
The kobold brigand hits you with a +0 war axe!
* * * LOW HITPOINT WARNING * * *
The kobold brigand hits you with a +0 war axe.
* * * LOW HITPOINT WARNING * * *
You mangle the orc warrior!!
The orc warrior is severely wounded.
The orc warrior hits you with a +0 broad axe!
* * * LOW HITPOINT WARNING * * *
The kobold brigand hits you with a +0 war axe.
* * * LOW HITPOINT WARNING * * *
The kobold brigand hits you with a +0 war axe.
* * * LOW HITPOINT WARNING * * *
You feel much better.
The orc warrior hits you with a +0 broad axe!
* * * LOW HITPOINT WARNING * * *
The kobold brigand misses you.
The kobold brigand hits you with a +0 war axe!
* * * LOW HITPOINT WARNING * * *
An orc warrior comes into view. It is wielding a +0 war axe.
The orc warrior hits you with a +0 broad axe!
You die...

#....~~.......~~..
#.###~~.......~~##
#....~~.......~~.
#.###~~.......~~###
#....~~.......~~..
#.###~~.......~~###.#
#....~~.......~~....
#####~~....o).~~#
##~....Kh.~#
####''K#### ##.....##
#∩.).K)∩# #...8...#
##..(..## ###'### o..
.....


You could see 2 orc warriors and 3 kobold brigands.

Vanquished Creatures
  Erolcha (D:9)
  A troll (D:9)
  2 raiju (D:8)
  A hornet (D:9)
  Sigmund (D:4)
  4 yaks (D:9)
  A wyvern (D:8)
  Grum (D:8)
  A steam dragon (D:6)
  3 acid dragons
  A water moccasin (D:8)
  4 ice beasts
  3 orc warriors
  An ogre (D:5)
  4 black bears
  3 wolves (D:8)
  A centaur (D:6)
  A phantom (D:7)
  5 kobold brigands
  2 gnoll sergeants (D:7)
  5 bullfrogs
  3 scorpions
  10 wights
  4 killer bees (D:8)
  3 electric eels (D:8)
  2 bombardier beetles
  2 jellies
  4 orc priests
  6 hounds
  2 sleepcaps
  Ijyb (D:5)
  2 iguanas
  4 orc wizards
  Robin (D:5)
  6 adders
  20 gnolls
  2 shadow imps
  A dart slug (D:1)
  A ribbon worm (D:2)
  29 orcs
  6 ball pythons
  6 bats
  3 endoplasms
  A giant cockroach (D:2)
  19 goblins
  11 hobgoblins
  7 jackals
  18 kobolds
  6 quokkas
  3 frilled lizards
  5 rats
234 creatures vanquished.

Notes
Turn   | Place    | Note
-------+----------+-------------------------------------------
     0 | D:1      | Gadfly the Troll Shapeshifter began the quest for the Orb.
     0 | D:1      | Reached XP level 1. HP: 18/18 MP: 0/0
    45 | D:1      | Reached XP level 2. HP: 25/26 MP: 1/1
   111 | D:1      | Reached skill level 1 in Fighting
   473 | D:2      | Reached XP level 3. HP: 30/33 MP: 2/2
   503 | D:2      | Noticed a black bear
   513 | D:2      | Killed a black bear
   514 | D:2      | Reached skill level 1 in Evocations
   514 | D:2      | Reached XP level 4. HP: 25/41 MP: 3/3
   536 | D:2      | Reached XP level 5. HP: 36/48 MP: 4/4
   660 | D:2      | You fall into a shaft and drop 2 floors!
   702 | D:4      | Found a bloodstained altar of Trog.
   707 | D:4      | Reached skill level 4 in Unarmed Combat
   843 | D:4      | Reached XP level 6. HP: 56/57 MP: 5/5
  1101 | D:4      | Noticed Sigmund
  1108 | D:4      | Killed Sigmund
  1463 | D:3      | Found a blossoming altar of Fedhas.
  1666 | D:3      | Reached XP level 7. HP: 62/65 MP: 6/6
  1742 | D:3      | Found a snail-covered altar of Cheibriados.
  1827 | D:3      | Found Motist's Antique Weapon Boutique.
  2663 | D:2      | Found a faded altar of an unknown god.
  2695 | D:2      | Gained mutation: You occasionally lose the ability to drink
                  | potions when taking damage. [potion of mutation]
  2695 | D:2      | Gained mutation: You are robust. (+10% HP) [potion of
                  | mutation]
  2830 | D:5      | Entered Level 5 of the Dungeon
  2847 | D:5      | Reached skill level 5 in Unarmed Combat
  3309 | D:5      | Reached XP level 8. HP: 71/81 MP: 7/7
  3400 | D:5      | Noticed Robin
  3442 | D:5      | Killed Robin
  3491 | D:5      | Found Zoxuobb's Jewellery Shoppe.
  3495 | D:5      | Noticed Ijyb
  3528 | D:5      | Killed Ijyb
  3640 | D:5      | Learned a level 3 spell: Swiftness
  3797 | D:6      | Reached skill level 6 in Unarmed Combat
  4462 | D:7      | Reached XP level 9. HP: 85/91 MP: 8/8
  4474 | D:7      | Reached skill level 5 in Dodging
  4474 | D:7      | Reached skill level 5 in Shapeshifting
  5073 | D:7      | Found a staircase to the Ecumenical Temple.
  5205 | Temple   | Entered the Ecumenical Temple
  5222 | Temple   | Became a worshipper of Ru the Awakened
  5345 | D:8      | Noticed Grum
  5358 | D:8      | Reached skill level 5 in Evocations
  5486 | D:8      | Killed Grum
  5639 | D:8      | Reached skill level 5 in Fighting
  5639 | D:8      | Reached skill level 7 in Unarmed Combat
  5748 | D:8      | Reached XP level 10. HP: 22/105 MP: 9/9
  6579 | D:9      | Found a staircase to the Lair.
  6759 | D:9      | Noticed Erolcha
  6767 | D:9      | Killed Erolcha
  6989 | D:9      | Found a runed translucent gate.
  6989 | D:9      | Found a runed translucent gate.
  6989 | D:9      | Found a runed translucent gate.
  6990 | D:9      | Found an opulent altar of Gozag.
  6993 | D:9      | Noticed Splishie's ghost (novice DrBe)
  6993 | D:9      | Noticed a death knight
  6993 | D:9      | Noticed a two-headed ogre
  6993 | D:9      | Noticed a death knight
  7011 | D:9      | Gained mutation: You are dopey. (Int -2) [Ru sacrifice]
  7444 | D:9      | Paralysed by a hornet for 1 turns
  7665 | D:9      | Found a basalt altar of Yredelemnul.
  7872 | D:10     | Entered Level 10 of the Dungeon
  7875 | D:10     | Identified a scroll of acquirement
  7875 | D:10     | Acquired the ring of Loorph {rPois rF+ rC+ rN+ Str-4}
  7896 | D:10     | Found a flagged portal.
  7925 | D:10     | Reached skill level 8 in Unarmed Combat
  7966 | Bailey   | Entered a bailey
  8105 | Bailey   | HP: 2/107 [kobold brigand/+0 war axe (10)]
  8105 | Bailey   | Mangled by an orc warrior

Illustrated notes

Levels and vault maps discovered:
D:1:      mainiacjoe_arrival_reflecting_pool, layout_rooms, minmay_fountain_box
D:2:      layout_basic, hellmonk_ecumenical_altar_leap_of_faith
D:3:      layout_basic, fedhas_ov_isle_minmay, slow_altar_1, serial_shops,
          nicolae_shop_tiny_statue_garden
D:4:      nicolae_cairo_tiling_large, layout_loops_ring,
          mainiacjoe_overflow_brackets, uniq_sigmund
D:5:      layout_basic, serial_shops, shop, nicolae_goblin_pals
D:6:      layout_cave_pools, minmay_misc_feat_alley, hangedman_decor_riveting
D:7:      layout_rooms, temple_hall, lemuel_flamethrower_1
D:8:      layout_rooms, hex_intersection, nicolae_have_a_lightning_rod,
          uniq_grum
D:9:      layout_basic, kennysheep_little_box, lair_entry_dummy,
          ebering_ghost_gozag, uniq_erolcha
D:10:     lemuel_flame_loot_2, layout_layer_cave, enter_bailey_5,
          hangedman_decor_points, minmay_misc_feat_ornament, uniq_gastronok,
          uniq_maurice
Temple:   eino_narrow_crystal_temple
Bailey:   bailey_axe_3, bailey

Skill      XL: |  1  2  3  4  5  6  7  8  9 10 |
---------------+-------------------------------+-----
Fighting       | 1 2 3 5 |  5.8
Dodging        | 2 3 4 5 6 |  6.5
Evocations     | 1 2 3 4 5 6 |  6.2
Unarmed Combat | 4 5 6 7 8 |  8.1
Shapeshifting  | 4 6 7 |  7.4

Action                     |  1- 3 |  4- 6 |  7- 9 | 10-12 || total
---------------------------+-------+-------+-------+-------++-------
  Melee: Unarmed           |    67 |    97 |   346 |   176 ||   686
         Punch             |     1 |     1 |    17 |     3 ||    22
 Invoke: Sacrifice Purity  |       |       |       |     1 ||     1
Ability: Begin Untransform |       |       |     1 |     1 ||     2
    Use: Scroll            |     1 |     7 |     6 |     3 ||    17
         Potion            |       |     3 |     4 |     1 ||     8
   Stab: Sleeping          |       |     1 |     1 |       ||     2
 Armour: Animal skin       |    50 |    66 |   266 |    49 ||   431
         Skin              |       |       |     7 |    25 ||    32
         Acid dragon scale |       |       |       |    68 ||    68
  Dodge: Dodged            |    35 |    46 |   188 |   132 ||   401
   Form: Beast             |       |       |     1 |     1 ||     2
         Flux              |       |       |       |     1 ||     1
